 Dungeon Crawl Stone Soup version 0.22.1-6-g1668fe2 (webtiles) character file.

58 tognito the Chopper (level 3, -2/46 HPs)
             Began as a Minotaur Berserker on Jan 23, 2019.
             Was a Believer of Trog.
             Killed from afar by Sigmund (4 damage)
             ... with a magic dart
             ... on level 2 of the Dungeon.
             The game lasted 00:03:19 (1232 turns).

tognito the Chopper (Minotaur Berserker)            Turns: 1232, Time: 00:03:19

Health: -2/46      AC:  6    Str: 24 (27) XL:     3   Next: 76%
Magic:  2/2        EV: 11    Int:  1 (4)  God:    Trog [**....]
Gold:   100        SH:  2    Dex:  6 (9)  Spells: 2/2 levels left

rFire    . . .     SeeInvis .   a - +0 hand axe
rCold    . . .     Gourm    .   (no shield)
rNeg     . . .     Faith    .   g - +0 ring mail
rPois    .         Spirit   .   (helmet restricted)
rElec    .         Reflect  +   (no cloak)
rCorr    .         Harm     .   (no gloves)
MR       .....                  d - +0 pair of boots
Stlth    ..........             k - +2 amulet of reflection
HPRegen  0.15/turn              (no ring)
MPRegen  0.08/turn              (no ring)

@: berserking, very quick
A: retaliatory headbutt, horns 2
a: Berserk, Trog's Hand, Renounce Religion


You were on level 2 of the Dungeon.
You worshipped Trog.
Trog was pleased with you.
You were very hungry.

You visited 1 branch of the dungeon, and saw 2 of its levels.

You collected 100 gold pieces.

Inventory:

Hand Weapons
 a - a +0 hand axe (weapon)
Missiles
 e - 63 arrows
Armour
 d - a +0 pair of boots (worn)
 g - a +0 ring mail (worn)
Jewellery
 k - a +2 amulet of reflection (around neck)
Scrolls
 b - 2 scrolls of random uselessness {unknown}
 h - 7 scrolls of identify {unknown}
 i - a scroll of noise {unknown}
 j - 2 scrolls of teleportation {unknown}
Comestibles
 c - 4 rations
 f - a chunk of flesh


   Skills:
 - Level 3.6 Fighting
 + Level 5.8 Axes
 - Level 2.4 Armour
 - Level 2.1 Dodging


You had 2 spell levels left.
You didn't know any spells.
Your spell library was empty.

Dungeon Overview and Level Annotations

Branches:
Dungeon (2/15)

Altars:

Annotations:
D:2 Sigmund


Innate Abilities, Weirdness & Mutations

You reflexively headbutt those who attack you in melee.
You have a pair of horns on your head.


Message History

* * * LOW HITPOINT WARNING * * *
You miss something. Your headbutt misses something. Something hits you!
* * * LOW HITPOINT WARNING * * *
A red film seems to cover your vision as you go berserk!
You feel yourself moving faster!
You feel mighty!
You are feeling hungry.
You closely miss something. Your headbutt misses something.
Something hits you but does no damage.
You slash something! You headbutt something. You closely miss something.
You hear some strange, mumbled words.
A magic dart appears from out of thin air!
The magic dart hits you!
You barely miss something. Your headbutt misses something.
You are feeling very hungry.
You completely miss something.
You hear some strange, mumbled words.
A magic dart appears from out of thin air!
The magic dart hits you!
You die...

#######..#..# ##.....
####.. #### #.. ##...#
#.. ##.....## ##########
##.
#.......###...##...## #.
#......{##..........###.
#...!..@#............###
##...................#..
#.......#.....<......#..
#.......##..........##..
#.......###.............
##.....## #..........#..
##...# #..............
##.# #...........#### #.
#..#.........#


There were no monsters in sight!

Vanquished Creatures
  An adder (D:2)
  An ooze (D:1)
  A dart slug (D:1)
  3 leopard geckos
  4 bats
  A giant cockroach (D:2)
  5 goblins
  4 hobgoblins
  3 jackals (D:2)
  8 kobolds (D:1)
  3 frilled lizards (D:1)
  3 rats
37 creatures vanquished.

Notes
Turn   | Place    | Note
-------+----------+-------------------------------------------
     0 | D:1      | tognito the Minotaur Berserker began the quest for the Orb.
     0 | D:1      | Reached XP level 1. HP: 19/19 MP: 0/0
    48 | D:1      | Reached skill level 4 in Axes
   123 | D:1      | Reached XP level 2. HP: 21/26 MP: 1/1
   651 | D:1      | Reached skill level 5 in Axes
   651 | D:1      | Reached XP level 3. HP: 27/31 MP: 2/2
   862 | D:2      | Reached ** piety under Trog
  1217 | D:2      | Noticed Sigmund
  1226 | D:2      | HP: 1/31 [something (7)]
  1232 | D:2      | Killed from afar by Sigmund

Skill      XL: |  1  2 |
---------------+-------+-----
Axes           | 4 5 |  5.8
Fighting       | |  3.6
Armour         | |  2.4
Dodging        | |  2.1

Action                   || total
-------------------------++-------
Melee: Hand axe          ||    77
       Headbutt          ||    14
Invok: Berserk           ||     1
  Use: Potion            ||     3
  Eat: Chunk             ||     1
Armor: Animal skin       ||     9
       Ring mail         ||    10
Dodge: Dodged            ||    44
Block: Other             ||     2
